 Dungeon Crawl Stone Soup version 0.29-a0-529-gfa20dd96a1 (webtiles) character file.

Game seed: 8899109753509403545

467 zishaf the Purveyor of Pain (level 7, 0/54 HPs)
             Began as a Human Necromancer on June 1, 2022.
             Was an Initiate of Kikubaaqudgha.
             Slain by a phantom (2 damage)
             ... on level 4 of the Dungeon.
             The game lasted 00:10:34 (4858 turns).

zishaf the Purveyor of Pain (Human Necromancer)     Turns: 4858, Time: 00:10:35

Health: 0/54       AC:  6    Str:  9    XL:     7   Next: 30%
Magic:  11/11      EV: 12    Int: 17    God:    Kikubaaqudgha [......]
Gold:   160        SH:  0    Dex: 13    Spells: 4/12 levels left

rFire   + . .      SeeInvis .   a - +3 short sword
rCold   . . .      Faith    .   (no shield)
rNeg    . . .      Spirit   .   i - +0 robe
rPois   .          Reflect  .   (no helmet)
rElec   .          Harm     .   (no cloak)
rCorr   .          Rampage  .   (no gloves)
Will    .....                   (no boots)
Stlth   ++........              (no amulet)
HPRegen 0.18/turn               f - +4 ring of protection
MPRegen 0.12/turn               o - ring of protection from fire

@: no status effects
A: no striking features
a: Renounce Religion


You were on level 4 of the Dungeon.
You worshipped Kikubaaqudgha.
Kikubaaqudgha was noncommittal.
You visited 2 branches of the dungeon, and saw 5 of its levels.

You collected 160 gold pieces.

Inventory:

Hand Weapons
 a - a +3 short sword (weapon)
 b - a +0 hunting sling
Armour
 i - a +0 robe (worn)
Jewellery
 f - a +4 ring of protection (left hand)
 o - a ring of protection from fire (right hand)
Scrolls
 d - 2 scrolls of fear {unknown}
 g - 3 scrolls of enchant armour {unknown}
 h - a scroll of identify {unknown}
 k - a scroll of amnesia {unknown}
 m - a scroll of teleportation {unknown}
 n - a scroll of silence {unknown}
 q - a scroll of brand weapon {unknown}
Potions
 c - 2 potions of cancellation {unknown}
 e - 3 potions of curing {unknown}
 j - a potion of heal wounds {unknown}
 l - a potion of magic
 p - a potion of berserk rage {unknown}
 r - a potion of degeneration {unknown}


   Skills:
 + Level 4.3 Fighting
 - Level 2.6 Dodging
 - Level 2.0 Stealth
 - Level 3.0 Spellcasting
 + Level 6.1 Necromancy


You had 4 spell levels left.
You knew the following spells:

 Your Spells              Type           Power      Damage    Failure   Level
a - Necrotize             Necr           92%        1d8       1%          1
b - Vampiric Draining     Necr           23%        2d7       4%          3
c - Animate Dead          Necr           23%        N/A       14%         4

Your spell library contained the following spells:

 Spells                   Type           Power      Damage    Failure   Level
 Agony                    Necr           23%        N/A       36%         5


Dungeon Overview and Level Annotations

Branches:
Dungeon (4/15)             Temple (1/1) D:4

Altars:
Ashenzari
Dithmenos
Elyvilon
Fedhas
Kikubaaqudgha
Trog
Xom
Zin

Shops:
D:1 (   D:3 (


Message History

The phantom hits you but does no damage.
You hit the phantom but do no damage.
The phantom is severely damaged.
The phantom hits you.
You closely miss the phantom.
The phantom is severely damaged.
The phantom hits you.
* * * LOW HITPOINT WARNING * * *
You closely miss the phantom.
The phantom is severely damaged.
The phantom closely misses you.
You closely miss the phantom.
The phantom is severely damaged.
The phantom hits you.
* * * LOW HITPOINT WARNING * * *
You hit the phantom.
The phantom is severely damaged.
The phantom hits you but does no damage.
You hit the phantom but do no damage.
The phantom is severely damaged.
The phantom hits you.
* * * LOW HITPOINT WARNING * * *
You barely miss the phantom.
The phantom is severely damaged.
The phantom hits you.
* * * LOW HITPOINT WARNING * * *
You hit the phantom.
The phantom is almost destroyed.
The phantom hits you.
* * * LOW HITPOINT WARNING * * *
The phantom blinks!
You blink.
You hit the phantom.
The phantom is almost destroyed.
The phantom misses you.
Okay, then.
You completely miss the phantom.
The phantom is almost destroyed.
The phantom hits you.
You die...
Kikubaaqudgha rasps: "You have failed me!
Welcome... death!"

###### .....# ####.# #.# #>####
#....########### #
#.......>....@W######### ##
##...#####.§§.<........###
.######### #..###.#####.....#
...###...###...###...##..(..#
###.#.....#.###.#....§#....<#
.#...#†..#...#...#...#......#
.#...#####...#...#####....§.#
.#...#...#...#...#...#..#.#.###
###.#.....#.###.#.....###.#..§#


You could see a phantom.

Vanquished Creatures
  An ogre (D:4)
  A phantom (D:4)
  A scorpion (D:4)
  3 orc priests
  3 adders
  2 worms (D:2)
  A dart slug (D:2)
  17 orcs
  5 ball pythons
  4 endoplasms
  5 giant cockroaches
  6 goblins
  5 hobgoblins
  13 jackals
  3 quokkas
  11 bats
  4 frilled lizards
  8 kobolds
  6 rats
99 creatures vanquished.

Vanquished Creatures (collateral kills)
  A worm (D:2)
  A hobgoblin (D:4)
  A jackal (D:2)
  2 kobolds (D:1)
  A rat (D:1)
6 creatures vanquished.

Grand Total: 105 creatures vanquished

Notes
Turn   | Place    | Note
-------+----------+-------------------------------------------
     0 | D:1      | zishaf the Human Necromancer began the quest for the Orb.
     0 | D:1      | Reached XP level 1. HP: 13/13 MP: 3/3
   436 | D:1      | Reached XP level 2. HP: 20/20 MP: 3/5
   527 | D:1      | Reached skill level 1 in Fighting
   731 | D:1      | Reached XP level 3. HP: 26/26 MP: 2/6
   922 | D:1      | Learned a level 3 spell: Vampiric Draining
  1002 | D:1      | Found Ziasyaw's Antique Weapon Emporium.
  1643 | D:2      | Reached XP level 4. HP: 23/32 MP: 3/7
  2130 | D:2      | You fall into a shaft and drop 2 floors!
  2237 | D:4      | Reached XP level 5. HP: 16/38 MP: 1/8
  2560 | D:4      | Reached skill level 5 in Necromancy
  2641 | D:4      | Noticed an ogre
  2829 | D:3      | Found Cewygickats's Weapon Shop.
  3378 | D:2      | Reached XP level 6. HP: 45/46 MP: 2/10
  3482 | D:2      | Learned a level 4 spell: Animate Dead
  3680 | D:3      | Found a faded altar of an unknown god.
  4281 | D:4      | Found a staircase to the Ecumenical Temple.
  4290 | Temple   | Entered the Ecumenical Temple
  4303 | Temple   | Became a worshipper of Kikubaaqudgha
  4334 | D:4      | Killed an ogre
  4335 | D:4      | Reached XP level 7. HP: 38/53 MP: 1/11
  4382 | D:4      | Reached skill level 6 in Necromancy
  4856 | D:4      | HP: 2/54 [phantom (5)]
  4858 | D:4      | Slain by a phantom

Illustrated notes

Levels and vault maps discovered:
D:1:      dpeg_arrival_round_c, layout_loops_ring, serial_shops, shop_fountains,
          st_stairs_4
D:2:      layout_basic, hangedman_abyss_or_decor_stabs, minivault_11
D:3:      layout_basic, chequers_ecumenical_altar_island, serial_shops,
          nicolae_square_shop
D:4:      nicolae_cairo_tiling, layout_loops_ring, minmay_temple_entry_glass,
          grunt_decor_resistance
Temple:   nicolae_temple_the_god_donut

Skill      XL: |  1  2  3  4  5  6  7 |
---------------+----------------------+-----
Fighting       | 1 2 3 4 |  4.3
Necromancy     | 5 6 |  6.1
Spellcasting   | 3 |  3.0
Dodging        | |  2.6
Stealth        | |  2.0

Action                   |  1- 3 |  4- 6 |  7- 9 || total
-------------------------+-------+-------+-------++-------
Melee: Unarmed           |    14 |       |       ||    14
       Short sword       |     6 |    96 |    72 ||   174
       Dagger            |     4 |       |       ||     4
       Punch             |       |       |     1 ||     1
 Fire: Hunting sling     |     3 |     2 |       ||     5
 Cast: Necrotize         |    65 |    63 |       ||   128
       Vampiric Draining |       |    19 |     2 ||    21
  Use: Potion            |       |     1 |       ||     1
 Stab: Sleeping          |     1 |     1 |     2 ||     4
Armor: Robe              |    32 |    33 |    17 ||    82
Dodge: Dodged            |    67 |    86 |    38 ||   191

Table legend: (Time is in decaauts)
 A = Elapsed time spent in this place.
 B = Non-inter-level travel time spent in this place.
 C = Inter-level travel time spent in this place.
 D = Time resting spent in this place.
 E = Time spent auto-exploring this place.
 F = Levels seen in this place.
 G = Mean time per level.
                   A        B        C        D        E       F      G
               +--------+--------+--------+--------+--------+-----+--------+
         Total |   4979 |   4894 |     85 |    527 |   3118 |   5 |  995.8 |
       Dungeon |   4953 |   4868 |     85 |    527 |   3117 |   4 | 1238.2 |
        Temple |     25 |     25 |      0 |      0 |      1 |   1 |   25.0 |
               +--------+--------+--------+--------+--------+-----+--------+

Top non-repeatable levels by time:
     D:4: 1407 daAuts
     D:1: 1386 daAuts
     D:2: 1247 daAuts
     D:3: 912 daAuts
  Temple: 25 daAuts
